New York Rangers vs Pittsburgh Penguins
Created - Friday, April 21, 2023 at 07:19
Goals
|
| New York Rangers |
0 |
2 |
1 |
1 |
4 |
| Pittsburgh Penguins |
2 |
1 |
0 |
0 |
3 |
|
Shots
|
| New York Rangers |
6 |
19 |
8 |
1 |
34 |
| Pittsburgh Penguins |
5 |
11 |
9 |
0 |
25 |
|
1st period
1. Pittsburgh Penguins , Jeff Carter 10 (Mitch Marner 22, Leon Draisaitl 20) at 15:29
2. Pittsburgh Penguins , Jeff Carter 11 (Anders Lee 11, Erik Karlsson 9) at 16:07
Penalties :
Colton Sissons (PIT) for Interference (Minor) at 3:22, Ryan Johansen (PIT) for Tripping (Minor) at 7:51, Leon Draisaitl (PIT) for Charging (Minor) at 11:44
2nd period
3. New York Rangers , Eric Robinson 4 (Matt Benning 6) at 12:53
4. New York Rangers , Nathan MacKinnon 24 (Patrice Bergeron 30) at 17:54 (PP)
5. Pittsburgh Penguins , Mitch Marner 13 (Pavel Buchnevich 14, Leon Draisaitl 21) at 19:56 (PP)
Penalties :
Andre Burakovsky (NYR) for Tripping (Minor) at 4:09, Leon Draisaitl (PIT) for Holding Stick (Minor) at 13:19, Pavel Buchnevich (PIT) for Slashing (Minor) at 17:43, Jake McCabe (NYR) for Tripping (Minor) at 18:05
3rd period
6. New York Rangers , Andre Burakovsky 10 (Blake Wheeler 11, Mikael Granlund 16) at 19:52
Penalties :
Pierre-Luc Dubois (NYR) for Tripping (Minor) at 6:03, Mattias Ekholm (PIT) for Tripping (Minor) at 8:15, Ryan Johansen (PIT) for Interference (Minor) at 14:17
Overtime #1
7. New York Rangers , Andre Burakovsky 11 (Mikael Granlund 17, Nathan MacKinnon 28) at 1:22
Penalties :
No Penalty
Goalie Stats
Tristan Jarry (NYR), 22 saves from 25 shots - (0.880), W, 6-5-1, 60:48 minutes
Jonathan Quick (PIT), 30 saves from 34 shots - (0.882), OTL, 12-10-2, 61:22 minutes
Players Stats for New York Rangers
Player Name G A P +/- PIM S H SB GA TA FO MP PP MP PK MP
------------------------------------------------------------------------------------
Adam Larsson 0 0 0 0 0 3 0 0 0 1 0/0 16:57 0:00 3:44
Andre Burakovsky 2 0 2 0 2 4 2 0 0 0 0/1 16:47 5:07 0:11
Blake Wheeler 0 1 1 -1 0 1 1 0 0 0 0/0 16:35 5:07 0:00
Cam Fowler 0 0 0 0 0 3 3 0 1 1 0/0 30:49 6:58 3:44
Cole Caufield 0 0 0 0 0 1 0 0 0 1 1/2 14:06 5:07 0:00
Conor Garland 0 0 0 0 0 0 0 0 0 1 0/0 15:16 5:07 0:00
David Kampf 0 0 0 0 0 0 0 0 0 0 7/10 12:38 0:00 3:23
Dmitry Kulikov 0 0 0 -1 0 0 2 0 0 0 0/0 12:32 0:00 0:00
Eric Robinson 1 0 1 1 0 1 1 2 0 1 0/0 8:51 0:00 1:53
Jake McCabe 0 0 0 -1 2 0 1 5 0 0 0/0 18:53 0:00 1:20
Mark Giordano 0 0 0 3 0 0 1 0 0 0 0/0 17:29 5:07 0:45
Matt Benning 0 1 1 1 0 0 0 1 0 0 0/0 11:00 0:00 2:05
Mikael Granlund 0 2 2 0 0 0 1 0 0 1 7/12 20:22 6:58 0:52
Nathan MacKinnon 1 1 2 0 0 6 1 0 0 0 4/8 22:30 6:58 0:00
Patrice Bergeron 0 1 1 0 0 5 1 1 0 0 17/29 24:11 6:58 1:34
Pierre-Luc Dubois 0 0 0 0 2 8 2 0 0 0 1/1 23:02 6:58 0:22
T.J. Oshie 0 0 0 1 0 1 0 0 0 0 0/2 6:58 0:00 0:00
Tyler Motte 0 0 0 1 0 1 0 0 0 0 0/0 10:40 0:00 3:23
Players Stats for Pittsburgh Penguins
Player Name G A P +/- PIM S H SB GA TA FO MP PP MP PK MP
------------------------------------------------------------------------------------
Anders Lee 0 1 1 2 0 4 1 0 0 0 0/1 15:34 3:30 0:31
Anton Stralman 0 0 0 -2 0 0 1 2 1 0 0/0 24:18 3:30 6:14
Blake Coleman 0 0 0 -1 0 0 1 0 0 0 0/0 6:35 0:00 0:00
Chris Tanev 0 0 0 1 0 1 1 1 0 0 0/0 13:39 0:00 0:04
Colton Sissons 0 0 0 0 2 0 0 0 1 0 0/0 10:35 0:00 0:00
Erik Gudbranson 0 0 0 -1 0 0 1 0 0 0 0/0 6:45 0:00 0:04
Erik Karlsson 0 1 1 0 0 1 1 0 0 0 0/0 23:25 2:19 5:47
Jean-Gabriel Pageau 0 0 0 0 0 2 3 0 0 0 5/9 11:33 0:03 0:56
Jeff Carter 2 0 2 2 0 3 3 2 0 0 0/0 15:02 3:30 0:00
Jordan Eberle 0 0 0 -1 0 2 0 0 1 0 3/6 10:35 0:00 3:53
Leon Draisaitl 0 2 2 -2 4 2 3 2 0 0 12/24 19:45 2:19 3:25
Mattias Ekholm 0 0 0 0 2 1 1 2 0 0 0/0 22:32 2:19 4:49
Mitch Marner 1 1 2 -2 0 3 0 2 1 1 1/1 22:28 2:19 6:06
Pavel Buchnevich 0 1 1 -1 2 2 3 0 0 0 3/10 21:42 2:16 5:36
Reilly Smith 0 0 0 0 0 2 2 0 0 0 0/0 10:28 0:00 0:00
Ryan Johansen 0 0 0 2 4 0 2 0 2 0 4/14 19:35 3:30 3:43
Ryan Suter 0 0 0 -2 0 1 1 1 0 0 0/0 24:18 3:30 6:14
T.J. Brodie 0 0 0 1 0 1 0 0 0 0 0/0 14:27 0:00 0:58
3 Stars
1 - Jeff Carter (PIT)
2 - Andre Burakovsky (NYR)
3 - Nathan MacKinnon (NYR)
Power Play
New York Rangers - 1 on 7 Attempt(s) - 14.29%
Pittsburgh Penguins - 1 on 3 Attempt(s) - 33.33%
Penalty Kill
New York Rangers - 2 on 3 Attempt(s) - 66.67%
- Score 0 goal in Penalty Kill
Pittsburgh Penguins - 6 on 7 Attempt(s) - 85.71%
- Score 0 goal in Penalty Kill
Team Stat
New York Rangers - Hits : 16 - Faceoff Wins : 37 - Blocked Shots : 9 - Penalty Minutes : 6
Pittsburgh Penguins - Hits : 24 - Faceoff Wins : 28 - Blocked Shots : 12 - Penalty Minutes : 14
Official
Referees : Jean Hebert and Steve Kozari
Linesman : Steve Miller and Ryan Galloway
Game Notes
No Game Note
Finance
Level 1 -- Attendance: 5140 (85.67%) -- Ticket Income $514,000
Level 2 -- Attendance: 3594 (71.88%) -- Ticket Income $215,640
Level 3 -- Attendance: 2630 (87.67%) -- Ticket Income $92,050
Level 4 -- Attendance: 4168 (83.36%) -- Ticket Income $104,200
Luxury Box -- Attendance: 767 (76.70%) -- Ticket Income $153,400
Game was played at the Consol Energy Center.
Total Attendance: 16299 (81.50%)
Total Ticket Income: $1,079,290
Other Income: $377,752
Total Income: $1,457,042
New York Rangers
5 vs 5 Forward
Center Left Wing Right Wing Time % Phy DF OF
1 Patrice Bergeron Pierre-Luc Dubois Nathan MacKinnon 40 0 1 4
2 Mikael Granlund Andre Burakovsky Blake Wheeler 30 1 1 3
3 David Kampf Conor Garland Cole Caufield 20 1 2 2
4 T.J. Oshie Eric Robinson Tyler Motte 10 1 3 1
5 vs 5 Defense
Defense Defense Time % Phy DF OF
1 Cam Fowler Jake McCabe 44 1 2 2
2 Dmitry Kulikov Adam Larsson 33 1 3 1
3 Mark Giordano Matt Benning 23 1 3 1
4 Cam Fowler Adam Larsson 0 1 2 2
PowerPlay Forward
Center Left Wing Right Wing Time % Phy DF OF
1 Patrice Bergeron Nathan MacKinnon Pierre-Luc Dubois 60 0 1 4
2 Blake Wheeler Cole Caufield Andre Burakovsky 40 0 1 4
PowerPlay Defense
Defense Defense Time % Phy DF OF
1 Cam Fowler Mikael Granlund 60 0 2 3
2 Conor Garland Mark Giordano 40 0 2 3
Penalty Kill 4 Players Forward
Center Wing Time % Phy DF OF
1 David Kampf Tyler Motte 60 1 3 1
2 Patrice Bergeron Eric Robinson 40 1 3 1
Penalty Kill 4 Players Defense
Defense Defense Time % Phy DF OF
1 Adam Larsson Cam Fowler 60 1 3 1
2 Matt Benning Jake McCabe 40 1 3 1
Penalty Kill - 3 Players Forward
Forward Time % Phy DF OF
1 David Kampf 60 1 4 0
2 Patrice Bergeron 40 1 4 0
Penalty Kill - 3 Players Defense
Defense Defense Time % Phy DF OF
1 Cam Fowler Jake McCabe 60 1 4 0
2 Matt Benning Adam Larsson 40 1 4 0
4 vs 4 Forward
Center Wing Time % Phy DF OF
1 Nathan MacKinnon Patrice Bergeron 60 1 2 2
2 Pierre-Luc Dubois Blake Wheeler 40 1 2 2
4 vs 4 Defense
Defense Defense Time % Phy DF OF
1 Cam Fowler Jake McCabe 60 1 2 2
2 Mark Giordano Adam Larsson 40 1 2 2
Last Minutes Offensive
Center Left Wing Right Wing Defense Defense
Patrice Bergeron Blake Wheeler Nathan MacKinnon Cam Fowler Mark Giordano
Last Minutes Defensive
Center Left Wing Right Wing Defense Defense
Patrice Bergeron David Kampf Mikael Granlund Cam Fowler Jake McCabe
Goaltenders
Starting : Tristan Jarry
Backup : Igor Shesterkin
Extra Forwards
Normal : Mikael Granlund, Andre Burakovsky, Conor Garland - PP : Mikael Granlund, Nathan MacKinnon - PK : Mikael Granlund
Extra Defensemen
Normal : Dmitry Kulikov, Matt Benning, Mark Giordano - PP : Dmitry Kulikov - PK : Matt Benning, Mark Giordano
Penalty Shots
T.J. Oshie, Mikael Granlund, Mark Giordano, Nathan MacKinnon, Cole Caufield
Pittsburgh Penguins
5 vs 5 Forward
Center Left Wing Right Wing Time % Phy DF OF
1 Leon Draisaitl Pavel Buchnevich Mitch Marner 30 1 2 2
2 Ryan Johansen Anders Lee Jeff Carter 30 1 2 2
3 Jean-Gabriel Pageau Colton Sissons Reilly Smith 25 1 2 2
4 Jordan Eberle Blake Coleman Erik Gudbranson 15 1 2 2
5 vs 5 Defense
Defense Defense Time % Phy DF OF
1 Mattias Ekholm Erik Karlsson 35 1 2 2
2 Ryan Suter Anton Stralman 35 1 2 2
3 Chris Tanev T.J. Brodie 30 1 2 2
4 Mattias Ekholm Erik Karlsson 0 1 2 2
PowerPlay Forward
Center Left Wing Right Wing Time % Phy DF OF
1 Leon Draisaitl Pavel Buchnevich Mitch Marner 50 1 2 2
2 Ryan Johansen Anders Lee Jeff Carter 50 1 2 2
PowerPlay Defense
Defense Defense Time % Phy DF OF
1 Mattias Ekholm Erik Karlsson 50 1 2 2
2 Ryan Suter Anton Stralman 50 1 2 2
Penalty Kill 4 Players Forward
Center Wing Time % Phy DF OF
1 Leon Draisaitl Mitch Marner 50 1 2 2
2 Pavel Buchnevich Ryan Johansen 50 1 2 2
Penalty Kill 4 Players Defense
Defense Defense Time % Phy DF OF
1 Mattias Ekholm Erik Karlsson 50 1 2 2
2 Ryan Suter Anton Stralman 50 1 2 2
Penalty Kill - 3 Players Forward
Forward Time % Phy DF OF
1 Leon Draisaitl 50 1 2 2
2 Mitch Marner 50 1 2 2
Penalty Kill - 3 Players Defense
Defense Defense Time % Phy DF OF
1 Mattias Ekholm Erik Karlsson 50 1 2 2
2 Ryan Suter Anton Stralman 50 1 2 2
4 vs 4 Forward
Center Wing Time % Phy DF OF
1 Leon Draisaitl Mitch Marner 50 1 2 2
2 Pavel Buchnevich Ryan Johansen 50 1 2 2
4 vs 4 Defense
Defense Defense Time % Phy DF OF
1 Mattias Ekholm Erik Karlsson 50 1 2 2
2 Ryan Suter Anton Stralman 50 1 2 2
Last Minutes Offensive
Center Left Wing Right Wing Defense Defense
Leon Draisaitl Pavel Buchnevich Mitch Marner Mattias Ekholm Erik Karlsson
Last Minutes Defensive
Center Left Wing Right Wing Defense Defense
Leon Draisaitl Pavel Buchnevich Mitch Marner Mattias Ekholm Erik Karlsson
Goaltenders
Starting : Jonathan Quick
Backup : Mike Smith
Extra Forwards
Normal : Jean-Gabriel Pageau, Reilly Smith, Jordan Eberle - PP : Jean-Gabriel Pageau, Reilly Smith - PK : Jordan Eberle
Extra Defensemen
Normal : Chris Tanev, T.J. Brodie, Erik Gudbranson - PP : Chris Tanev - PK : T.J. Brodie, Erik Gudbranson
Penalty Shots
Leon Draisaitl, Mitch Marner, Pavel Buchnevich, Ryan Johansen, Jeff Carter
% Time on Ice - New York Rangers
Lines # - Real PCT - Wanted PCT - Time Play
Normal Forward
1 - 36% - 40% - 14:51
2 - 25% - 30% - 10:13
3 - 22% - 20% - 9:04
4 - 17% - 10% - 6:58
Normal Defense
1 - 44% - 44% - 18:15
2 - 34% - 33% - 13:56
3 - 22% - 23% - 8:55
4 - 0% - 0% - 0:00
PP Forward
1 - 58% - 60% - 6:58
2 - 42% - 40% - 5:07
PP Defense
1 - 58% - 60% - 6:58
2 - 42% - 40% - 5:07
PK Forward
1 - 73% - 60% - 4:15
2 - 27% - 40% - 1:34
PK Defense
1 - 64% - 60% - 3:44
2 - 36% - 40% - 2:05
PK3 Forward
1 - 0% - 60%
2 - 0% - 40%
PK3 Defense
1 - 0% - 60%
2 - 0% - 40%
44 Forward
1 - 82% - 60% - 1:07
2 - 18% - 40% - 0:15
44 Defense
1 - 78% - 60% - 1:04
2 - 22% - 40% - 0:18
Last Minute Offensive - 1:00
Last Minute Defensive - 0:00
Total
Forward - 61:22
Defense - 61:22
|
% Time on Ice - Pittsburgh Penguins
Lines # - Real PCT - Wanted PCT - Time Play
Normal Forward
1 - 30% - 30% - 12:15
2 - 29% - 30% - 11:47
3 - 25% - 25% - 10:28
4 - 16% - 15% - 6:35
Normal Defense
1 - 33% - 35% - 13:43
2 - 34% - 35% - 13:53
3 - 33% - 30% - 13:29
4 - 0% - 0% - 0:00
PP Forward
1 - 40% - 50% - 2:19
2 - 60% - 50% - 3:30
PP Defense
1 - 40% - 50% - 2:19
2 - 60% - 50% - 3:30
PK Forward
1 - 47% - 50% - 5:41
2 - 53% - 50% - 6:24
PK Defense
1 - 48% - 50% - 5:51
2 - 52% - 50% - 6:14
PK3 Forward
1 - 0% - 50%
2 - 0% - 50%
PK3 Defense
1 - 0% - 50%
2 - 0% - 50%
44 Forward
1 - 57% - 50% - 0:47
2 - 43% - 50% - 0:35
44 Defense
1 - 50% - 50% - 0:41
2 - 50% - 50% - 0:41
Last Minute Offensive - 0:00
Last Minute Defensive - 1:01
Total
Forward - 61:22
Defense - 61:22
|
Play-by-Play
1st period
0:01 of 1st period - Leon Draisaitl wins face-off versus Patrice Bergeron in neutral zone.
0:11 of 1st period - Snap shot by Leon Draisaitl.
0:11 of 1st period - Shot Blocked by Patrice Bergeron.
0:13 of 1st period - Snap shot by Mattias Ekholm.
0:13 of 1st period - Stopped by Tristan Jarry without a rebound.
0:14 of 1st period - Mikael Granlund wins face-off versus Ryan Johansen in New York Rangers zone.
0:14 of 1st period - Mikael Granlund is hit by Jeff Carter.
0:28 of 1st period - Wrist shot by Blake Wheeler.
0:28 of 1st period - Shot Misses the Net.
0:30 of 1st period - Snap shot by Andre Burakovsky.
0:30 of 1st period - Stopped by Jonathan Quick without a rebound.
0:31 of 1st period - David Kampf wins face-off versus Jean-Gabriel Pageau in Pittsburgh Penguins zone.
0:45 of 1st period - Conor Garland is hit by Jean-Gabriel Pageau and loses puck.
1:46 of 1st period - Jake McCabe is hit by Jeff Carter and loses puck.
2:11 of 1st period - Snap shot by Nathan MacKinnon.
2:11 of 1st period - Deflect By Pierre-Luc Dubois.
2:11 of 1st period - Stopped by Jonathan Quick with a rebound.
2:13 of 1st period - Wrist shot by Cam Fowler.
2:13 of 1st period - Stopped by Jonathan Quick without a rebound.
2:14 of 1st period - Mikael Granlund wins face-off versus Leon Draisaitl in Pittsburgh Penguins zone.
2:17 of 1st period - Slapshot by Blake Wheeler.
2:17 of 1st period - Shot Blocked by Leon Draisaitl.
2:41 of 1st period - Dmitry Kulikov is hit by Erik Karlsson and loses puck.
2:52 of 1st period - Wrist shot by Ryan Johansen.
2:52 of 1st period - Shot Misses the Net.
3:08 of 1st period - Mark Giordano is hit by Jean-Gabriel Pageau and loses puck.
3:22 of 1st period - Minor Penalty to Colton Sissons for Interference.
3:23 of 1st period - Patrice Bergeron wins face-off versus Leon Draisaitl in Pittsburgh Penguins zone.
3:39 of 1st period - Pavel Buchnevich is hit by Nathan MacKinnon and loses puck.
3:50 of 1st period - Mattias Ekholm is hit by Mikael Granlund and loses puck.
5:22 of 1st period - Penalty to Colton Sissons is over, Colton Sissons is back on ice.
5:32 of 1st period - Icing by Pavel Buchnevich.
5:33 of 1st period - Jordan Eberle wins face-off versus T.J. Oshie in Pittsburgh Penguins zone.
5:48 of 1st period - Wrist shot by Jordan Eberle.
5:48 of 1st period - Stopped by Tristan Jarry without a rebound.
5:49 of 1st period - Jean-Gabriel Pageau wins face-off versus David Kampf in New York Rangers zone.
6:14 of 1st period - Dmitry Kulikov is hit by Ryan Johansen and loses puck.
7:21 of 1st period - Wrist shot by Blake Wheeler.
7:21 of 1st period - Shot Misses the Net.
7:23 of 1st period - Slapshot by Adam Larsson.
7:23 of 1st period - Stopped by Jonathan Quick with a rebound.
7:25 of 1st period - Wrist shot by Andre Burakovsky.
7:25 of 1st period - Stopped by Jonathan Quick with a rebound.
7:27 of 1st period - Slapshot by Dmitry Kulikov.
7:27 of 1st period - Deflect By Blake Wheeler.
7:27 of 1st period - Shot Misses the Net.
7:27 of 1st period - Puck is out of play.
7:28 of 1st period - Ryan Johansen wins face-off versus Mikael Granlund in Pittsburgh Penguins zone.
7:51 of 1st period - Minor Penalty to Ryan Johansen for Tripping.
7:52 of 1st period - Pavel Buchnevich wins face-off versus Patrice Bergeron in Pittsburgh Penguins zone.
8:19 of 1st period - Cam Fowler is hit by Ryan Suter.
9:39 of 1st period - Mark Giordano is hit by Pavel Buchnevich and loses puck.
9:51 of 1st period - Penalty to Ryan Johansen is over, Ryan Johansen is back on ice.
11:44 of 1st period - Minor Penalty to Leon Draisaitl for Charging.
11:45 of 1st period - Patrice Bergeron wins face-off versus Jordan Eberle in Pittsburgh Penguins zone.
13:14 of 1st period - Icing by Pierre-Luc Dubois.
13:15 of 1st period - Pavel Buchnevich wins face-off versus Patrice Bergeron in New York Rangers zone.
13:32 of 1st period - Wrist shot by Mikael Granlund.
13:32 of 1st period - Shot Blocked by Mitch Marner.
13:34 of 1st period - Slapshot by Mikael Granlund.
13:34 of 1st period - Shot Blocked by Mattias Ekholm.
13:36 of 1st period - Snap shot by Cole Caufield.
13:36 of 1st period - Stopped by Jonathan Quick with a rebound.
13:44 of 1st period - Penalty to Leon Draisaitl is over, Leon Draisaitl is back on ice.
15:29 of 1st period - Wrist shot by Jeff Carter.
15:29 of 1st period - Goal by Jeff Carter - New York Rangers : 0 - Pittsburgh Penguins : 1.
15:30 of 1st period - Leon Draisaitl wins face-off versus Patrice Bergeron in neutral zone.
16:01 of 1st period - Snap shot by Anders Lee.
16:01 of 1st period - Shot Misses the Net.
16:03 of 1st period - Snap shot by Anders Lee.
16:03 of 1st period - Stopped by Tristan Jarry with a rebound.
16:05 of 1st period - Wrist shot by Jeff Carter.
16:05 of 1st period - Shot Blocked by Jake McCabe.
16:07 of 1st period - Wrist shot by Jeff Carter.
16:07 of 1st period - Goal by Jeff Carter - New York Rangers : 0 - Pittsburgh Penguins : 2.
16:08 of 1st period - Nathan MacKinnon wins face-off versus Leon Draisaitl in neutral zone.
16:10 of 1st period - Off-side.
16:11 of 1st period - Leon Draisaitl wins face-off versus Nathan MacKinnon in neutral zone.
17:28 of 1st period - David Kampf is hit by Leon Draisaitl and loses puck.
17:45 of 1st period - Matt Benning is hit by Chris Tanev and loses puck.
18:08 of 1st period - Wrist shot by Jean-Gabriel Pageau.
18:08 of 1st period - Shot Misses the Net.
18:28 of 1st period - Wrist shot by Pierre-Luc Dubois.
18:28 of 1st period - Shot Misses the Net.
Goals for this period are 0 for New York Rangers vs 2 for Pittsburgh Penguins.
Shots for this period are 6 for New York Rangers vs 5 for Pittsburgh Penguins.
2nd period
0:01 of 2nd period - Patrice Bergeron wins face-off versus Leon Draisaitl in neutral zone.
0:08 of 2nd period - Snap shot by Nathan MacKinnon.
0:08 of 2nd period - Shot Misses the Net.
0:10 of 2nd period - Snap shot by Nathan MacKinnon.
0:10 of 2nd period - Shot Misses the Net.
0:12 of 2nd period - Snap shot by Patrice Bergeron.
0:12 of 2nd period - Shot Blocked by Mitch Marner.
0:14 of 2nd period - Slapshot by Jake McCabe.
0:14 of 2nd period - Deflect By Pierre-Luc Dubois.
0:14 of 2nd period - Stopped by Jonathan Quick with a rebound.
0:16 of 2nd period - Slapshot by Pierre-Luc Dubois.
0:16 of 2nd period - Deflect By Patrice Bergeron.
0:16 of 2nd period - Stopped by Jonathan Quick with a rebound.
0:51 of 2nd period - Snap shot by Colton Sissons.
0:51 of 2nd period - Shot Misses the Net.
0:53 of 2nd period - Snap shot by Jean-Gabriel Pageau.
0:53 of 2nd period - Stopped by Tristan Jarry without a rebound.
0:54 of 2nd period - Patrice Bergeron wins face-off versus Leon Draisaitl in New York Rangers zone.
2:07 of 2nd period - Slapshot by T.J. Oshie.
2:07 of 2nd period - Deflect By Tyler Motte.
2:07 of 2nd period - Stopped by Jonathan Quick without a rebound.
2:08 of 2nd period - Leon Draisaitl wins face-off versus T.J. Oshie in Pittsburgh Penguins zone.
2:08 of 2nd period - Leon Draisaitl is hit by Cam Fowler.
2:38 of 2nd period - Backhand shot by Pierre-Luc Dubois.
2:38 of 2nd period - Stopped by Jonathan Quick without a rebound.
2:39 of 2nd period - Ryan Johansen wins face-off versus Patrice Bergeron in Pittsburgh Penguins zone.
2:43 of 2nd period - Off-side.
2:44 of 2nd period - Ryan Johansen wins face-off versus Nathan MacKinnon in neutral zone.
2:52 of 2nd period - Icing by Nathan MacKinnon.
2:53 of 2nd period - Patrice Bergeron wins face-off versus Leon Draisaitl in New York Rangers zone.
3:17 of 2nd period - Dmitry Kulikov is hit by Anton Stralman and loses puck.
3:32 of 2nd period - Snap shot by Pierre-Luc Dubois.
3:32 of 2nd period - Stopped by Jonathan Quick without a rebound.
3:33 of 2nd period - Leon Draisaitl wins face-off versus Mikael Granlund in Pittsburgh Penguins zone.
3:40 of 2nd period - Snap shot by Mitch Marner.
3:40 of 2nd period - Shot Misses the Net.
3:42 of 2nd period - Snap shot by Pavel Buchnevich.
3:42 of 2nd period - Shot Misses the Net.
3:44 of 2nd period - Slapshot by Chris Tanev.
3:44 of 2nd period - Shot Blocked by Jake McCabe.
3:46 of 2nd period - Snap shot by Mitch Marner.
3:46 of 2nd period - Shot Hit the Post.
3:48 of 2nd period - Snap shot by Pavel Buchnevich.
3:48 of 2nd period - Stopped by Tristan Jarry with a rebound.
3:50 of 2nd period - Snap shot by Mitch Marner.
3:50 of 2nd period - Shot Misses the Net.
4:00 of 2nd period - Cam Fowler is hit by Jeff Carter and loses puck.
4:07 of 2nd period - Slapshot by Anders Lee.
4:07 of 2nd period - Stopped by Tristan Jarry with a rebound.
4:09 of 2nd period - Minor Penalty to Andre Burakovsky for Tripping.
4:10 of 2nd period - David Kampf wins face-off versus Pavel Buchnevich in New York Rangers zone.
4:25 of 2nd period - Slapshot by Pavel Buchnevich.
4:25 of 2nd period - Shot Misses the Net.
6:09 of 2nd period - Penalty to Andre Burakovsky is over, Andre Burakovsky is back on ice.
6:39 of 2nd period - Jordan Eberle is hit by Pierre-Luc Dubois and loses puck.
6:46 of 2nd period - Nathan MacKinnon is hit by Blake Coleman.
6:56 of 2nd period - David Kampf is hit by Reilly Smith and loses puck.
7:38 of 2nd period - Slapshot by Erik Karlsson.
7:38 of 2nd period - Stopped by Tristan Jarry without a rebound.
7:39 of 2nd period - Patrice Bergeron wins face-off versus Ryan Johansen in New York Rangers zone.
7:44 of 2nd period - Slapshot by Cam Fowler.
7:44 of 2nd period - Shot Blocked by Jeff Carter.
7:46 of 2nd period - Snap shot by Cam Fowler.
7:46 of 2nd period - Deflect By Patrice Bergeron.
7:46 of 2nd period - Shot Misses the Net.
7:46 of 2nd period - Puck is out of play.
7:47 of 2nd period - Ryan Johansen wins face-off versus Mikael Granlund in Pittsburgh Penguins zone.
9:14 of 2nd period - Wrist shot by Nathan MacKinnon.
9:14 of 2nd period - Stopped by Jonathan Quick with a rebound.
9:18 of 2nd period - Slapshot by Nathan MacKinnon.
9:18 of 2nd period - Stopped by Jonathan Quick without a rebound.
9:19 of 2nd period - Patrice Bergeron wins face-off versus Ryan Johansen in Pittsburgh Penguins zone.
9:36 of 2nd period - Wrist shot by Nathan MacKinnon.
9:36 of 2nd period - Shot Misses the Net.
9:38 of 2nd period - Snap shot by Dmitry Kulikov.
9:38 of 2nd period - Shot Blocked by Jeff Carter.
9:40 of 2nd period - Slapshot by Adam Larsson.
9:40 of 2nd period - Stopped by Jonathan Quick with a rebound.
9:42 of 2nd period - Wrist shot by Nathan MacKinnon.
9:42 of 2nd period - Shot Blocked by Chris Tanev.
9:44 of 2nd period - Slapshot by Cam Fowler.
9:44 of 2nd period - Shot Misses the Net.
10:50 of 2nd period - Slapshot by Patrice Bergeron.
10:50 of 2nd period - Shot Misses the Net.
10:52 of 2nd period - Wrist shot by Pierre-Luc Dubois.
10:52 of 2nd period - Stopped by Jonathan Quick with a rebound.
10:54 of 2nd period - Snap shot by Nathan MacKinnon.
10:54 of 2nd period - Shot Misses the Net.
11:02 of 2nd period - Slapshot by Patrice Bergeron.
11:02 of 2nd period - Stopped by Jonathan Quick with a rebound.
11:04 of 2nd period - Snap shot by Patrice Bergeron.
11:04 of 2nd period - Stopped by Jonathan Quick with a rebound.
11:06 of 2nd period - Slapshot by Cam Fowler.
11:06 of 2nd period - Deflect By Patrice Bergeron.
11:06 of 2nd period - Shot Misses the Net.
11:06 of 2nd period - Puck is out of play.
11:07 of 2nd period - Mikael Granlund wins face-off versus Pavel Buchnevich in Pittsburgh Penguins zone.
11:08 of 2nd period - Snap shot by Blake Wheeler.
11:08 of 2nd period - Shot Misses the Net.
11:24 of 2nd period - Wrist shot by Leon Draisaitl.
11:24 of 2nd period - Stopped by Tristan Jarry with a rebound.
11:34 of 2nd period - Jean-Gabriel Pageau is hit by Cam Fowler and loses puck.
11:55 of 2nd period - Ryan Suter is hit by Eric Robinson and loses puck.
12:32 of 2nd period - Mark Giordano is hit by Jean-Gabriel Pageau and loses puck.
12:53 of 2nd period - Slapshot by Eric Robinson.
12:53 of 2nd period - Goal by Eric Robinson - New York Rangers : 1 - Pittsburgh Penguins : 2.
12:54 of 2nd period - Mitch Marner wins face-off versus Mikael Granlund in neutral zone.
13:05 of 2nd period - Wrist shot by Leon Draisaitl.
13:05 of 2nd period - Deflect By Andre Burakovsky.
13:05 of 2nd period - Shot Misses the Net.
13:05 of 2nd period - Puck is out of play.
13:06 of 2nd period - Leon Draisaitl wins face-off versus Patrice Bergeron in New York Rangers zone.
13:19 of 2nd period - Minor Penalty to Leon Draisaitl for Holding Stick.
13:20 of 2nd period - Patrice Bergeron wins face-off versus Pavel Buchnevich in Pittsburgh Penguins zone.
13:20 of 2nd period - Wrist shot by Nathan MacKinnon.
13:20 of 2nd period - Deflect By Patrice Bergeron.
13:20 of 2nd period - Shot Misses the Net.
13:20 of 2nd period - Puck is out of play.
13:21 of 2nd period - Pavel Buchnevich wins face-off versus Patrice Bergeron in Pittsburgh Penguins zone.
13:24 of 2nd period - Snap shot by Patrice Bergeron.
13:24 of 2nd period - Stopped by Jonathan Quick with a rebound.
13:26 of 2nd period - Snap shot by Pierre-Luc Dubois.
13:26 of 2nd period - Stopped by Jonathan Quick without a rebound.
13:27 of 2nd period - Patrice Bergeron wins face-off versus Pavel Buchnevich in Pittsburgh Penguins zone.
14:40 of 2nd period - Wrist shot by Pierre-Luc Dubois.
14:40 of 2nd period - Stopped by Jonathan Quick without a rebound.
14:41 of 2nd period - Cole Caufield wins face-off versus Pavel Buchnevich in Pittsburgh Penguins zone.
15:12 of 2nd period - Icing by Cole Caufield.
15:13 of 2nd period - Jordan Eberle wins face-off versus Andre Burakovsky in New York Rangers zone.
15:16 of 2nd period - Slapshot by Erik Karlsson.
15:16 of 2nd period - Deflect By Jordan Eberle.
15:16 of 2nd period - Stopped by Tristan Jarry with a rebound.
15:19 of 2nd period - Penalty to Leon Draisaitl is over, Leon Draisaitl is back on ice.
15:38 of 2nd period - Wrist shot by T.J. Oshie.
15:38 of 2nd period - Deflect By Eric Robinson.
15:38 of 2nd period - Shot Misses the Net.
15:38 of 2nd period - Puck is out of play.
15:39 of 2nd period - David Kampf wins face-off versus Ryan Johansen in Pittsburgh Penguins zone.
16:12 of 2nd period - Snap shot by Pierre-Luc Dubois.
16:12 of 2nd period - Deflect By Nathan MacKinnon.
16:12 of 2nd period - Stopped by Jonathan Quick without a rebound.
16:13 of 2nd period - Jean-Gabriel Pageau wins face-off versus Patrice Bergeron in Pittsburgh Penguins zone.
16:20 of 2nd period - Snap shot by Nathan MacKinnon.
16:20 of 2nd period - Stopped by Jonathan Quick with a rebound.
16:49 of 2nd period - Snap shot by Blake Wheeler.
16:49 of 2nd period - Stopped by Jonathan Quick without a rebound.
16:50 of 2nd period - Patrice Bergeron wins face-off versus Jean-Gabriel Pageau in Pittsburgh Penguins zone.
17:00 of 2nd period - Off-side.
17:01 of 2nd period - Leon Draisaitl wins face-off versus Patrice Bergeron in neutral zone.
17:03 of 2nd period - Off-side.
17:04 of 2nd period - Nathan MacKinnon wins face-off versus Leon Draisaitl in neutral zone.
17:07 of 2nd period - Anton Stralman is hit by Pierre-Luc Dubois and loses puck.
17:43 of 2nd period - Minor Penalty to Pavel Buchnevich for Slashing.
17:44 of 2nd period - Patrice Bergeron wins face-off versus Jordan Eberle in Pittsburgh Penguins zone.
17:54 of 2nd period - Snap shot by Nathan MacKinnon.
17:54 of 2nd period - Goal by Nathan MacKinnon - New York Rangers : 2 - Pittsburgh Penguins : 2.
17:55 of 2nd period - Jean-Gabriel Pageau wins face-off versus Patrice Bergeron in neutral zone.
17:58 of 2nd period - Slapshot by Erik Karlsson.
17:58 of 2nd period - Shot Blocked by Jake McCabe.
18:05 of 2nd period - Minor Penalty to Jake McCabe for Tripping.
18:06 of 2nd period - David Kampf wins face-off versus Ryan Johansen in New York Rangers zone.
18:20 of 2nd period - Icing by Ryan Suter.
18:21 of 2nd period - David Kampf wins face-off versus Ryan Johansen in Pittsburgh Penguins zone.
18:50 of 2nd period - Wrist shot by Anders Lee.
18:50 of 2nd period - Shot Misses the Net.
18:52 of 2nd period - Slapshot by Ryan Suter.
18:52 of 2nd period - Shot Misses the Net.
18:54 of 2nd period - Snap shot by Jeff Carter.
18:54 of 2nd period - Stopped by Tristan Jarry with a rebound.
18:56 of 2nd period - Snap shot by Ryan Johansen.
18:56 of 2nd period - Shot Misses the Net.
19:34 of 2nd period - Snap shot by Anders Lee.
19:34 of 2nd period - Shot Misses the Net.
19:36 of 2nd period - Slapshot by Anton Stralman.
19:36 of 2nd period - Shot Blocked by Eric Robinson.
19:38 of 2nd period - Snap shot by Anton Stralman.
19:38 of 2nd period - Shot Blocked by Matt Benning.
19:40 of 2nd period - Wrist shot by Anders Lee.
19:40 of 2nd period - Shot Blocked by Eric Robinson.
19:42 of 2nd period - Slapshot by Anton Stralman.
19:42 of 2nd period - Shot Misses the Net.
19:44 of 2nd period - Wrist shot by Anders Lee.
19:44 of 2nd period - Stopped by Tristan Jarry with a rebound.
19:46 of 2nd period - Slapshot by Ryan Suter.
19:46 of 2nd period - Shot Misses the Net.
19:48 of 2nd period - Wrist shot by Anders Lee.
19:48 of 2nd period - Shot Misses the Net.
19:50 of 2nd period - Slapshot by Anders Lee.
19:50 of 2nd period - Stopped by Tristan Jarry without a rebound.
19:51 of 2nd period - Leon Draisaitl wins face-off versus David Kampf in New York Rangers zone.
19:54 of 2nd period - Snap shot by Pavel Buchnevich.
19:54 of 2nd period - Stopped by Tristan Jarry with a rebound.
19:56 of 2nd period - Slapshot by Mitch Marner.
19:56 of 2nd period - Goal by Mitch Marner - New York Rangers : 2 - Pittsburgh Penguins : 3.
19:57 of 2nd period - Nathan MacKinnon wins face-off versus Jean-Gabriel Pageau in neutral zone.
Goals for this period are 2 for New York Rangers vs 1 for Pittsburgh Penguins.
Shots for this period are 19 for New York Rangers vs 11 for Pittsburgh Penguins.
3rd period
0:01 of 3rd period - Nathan MacKinnon wins face-off versus Ryan Johansen in neutral zone.
0:26 of 3rd period - Mattias Ekholm is hit by Jake McCabe and loses puck.
0:40 of 3rd period - Off-side.
0:41 of 3rd period - Patrice Bergeron wins face-off versus Leon Draisaitl in neutral zone.
0:46 of 3rd period - Snap shot by Nathan MacKinnon.
0:46 of 3rd period - Shot Misses the Net.
0:48 of 3rd period - Slapshot by Adam Larsson.
0:48 of 3rd period - Shot Misses the Net.
0:50 of 3rd period - Slapshot by Dmitry Kulikov.
0:50 of 3rd period - Shot Misses the Net.
0:52 of 3rd period - Wrist shot by Pierre-Luc Dubois.
0:52 of 3rd period - Stopped by Jonathan Quick without a rebound.
0:53 of 3rd period - Patrice Bergeron wins face-off versus Anders Lee in Pittsburgh Penguins zone.
1:02 of 3rd period - Snap shot by Pierre-Luc Dubois.
1:02 of 3rd period - Shot Blocked by Ryan Suter.
1:04 of 3rd period - Wrist shot by Nathan MacKinnon.
1:04 of 3rd period - Stopped by Jonathan Quick with a rebound.
1:06 of 3rd period - Snap shot by Nathan MacKinnon.
1:06 of 3rd period - Shot Misses the Net.
1:08 of 3rd period - Wrist shot by Cam Fowler.
1:08 of 3rd period - Shot Misses the Net.
1:10 of 3rd period - Snap shot by Nathan MacKinnon.
1:10 of 3rd period - Shot Misses the Net.
1:20 of 3rd period - Anton Stralman is hit by Andre Burakovsky.
1:26 of 3rd period - Wrist shot by Reilly Smith.
1:26 of 3rd period - Shot Blocked by Jake McCabe.
1:28 of 3rd period - Snap shot by Reilly Smith.
1:28 of 3rd period - Stopped by Tristan Jarry without a rebound.
1:29 of 3rd period - Leon Draisaitl wins face-off versus Nathan MacKinnon in New York Rangers zone.
1:56 of 3rd period - Jeff Carter is hit by Blake Wheeler and loses puck.
2:40 of 3rd period - Wrist shot by Jordan Eberle.
2:40 of 3rd period - Shot Misses the Net.
2:42 of 3rd period - Backhand shot by T.J. Brodie.
2:42 of 3rd period - Shot Blocked by Jake McCabe.
2:44 of 3rd period - Slapshot by T.J. Brodie.
2:44 of 3rd period - Deflect By Cam Fowler.
2:44 of 3rd period - Stopped by Tristan Jarry without a rebound.
2:45 of 3rd period - Jordan Eberle wins face-off versus Patrice Bergeron in New York Rangers zone.
2:46 of 3rd period - Slapshot by Ryan Suter.
2:46 of 3rd period - Stopped by Tristan Jarry with a rebound.
3:12 of 3rd period - Ryan Suter is hit by Mark Giordano and loses puck.
4:06 of 3rd period - Anders Lee is hit by Dmitry Kulikov and loses puck.
4:47 of 3rd period - Leon Draisaitl is hit by Cam Fowler and loses puck.
5:20 of 3rd period - Snap shot by Leon Draisaitl.
5:20 of 3rd period - Stopped by Tristan Jarry without a rebound.
5:21 of 3rd period - Mikael Granlund wins face-off versus Ryan Johansen in New York Rangers zone.
5:25 of 3rd period - Off-side.
5:26 of 3rd period - Mikael Granlund wins face-off versus Ryan Johansen in neutral zone.
5:47 of 3rd period - Snap shot by Mikael Granlund.
5:47 of 3rd period - Shot Misses the Net.
5:49 of 3rd period - Slapshot by Cam Fowler.
5:49 of 3rd period - Deflect By Ryan Johansen.
5:49 of 3rd period - Stopped by Jonathan Quick with a rebound.
5:51 of 3rd period - Slapshot by Adam Larsson.
5:51 of 3rd period - Stopped by Jonathan Quick without a rebound.
5:52 of 3rd period - Jean-Gabriel Pageau wins face-off versus Patrice Bergeron in Pittsburgh Penguins zone.
5:52 of 3rd period - Jean-Gabriel Pageau is hit by Dmitry Kulikov.
6:03 of 3rd period - Minor Penalty to Pierre-Luc Dubois for Tripping.
6:04 of 3rd period - David Kampf wins face-off versus Leon Draisaitl in New York Rangers zone.
6:14 of 3rd period - Snap shot by Mitch Marner.
6:14 of 3rd period - Stopped by Tristan Jarry without a rebound.
6:15 of 3rd period - Leon Draisaitl wins face-off versus David Kampf in New York Rangers zone.
6:48 of 3rd period - Cam Fowler is hit by Anders Lee and loses puck.
8:03 of 3rd period - Penalty to Pierre-Luc Dubois is over, Pierre-Luc Dubois is back on ice.
8:03 of 3rd period - Adam Larsson is hit by Leon Draisaitl and loses puck.
8:15 of 3rd period - Minor Penalty to Mattias Ekholm for Tripping.
8:16 of 3rd period - Patrice Bergeron wins face-off versus Pavel Buchnevich in Pittsburgh Penguins zone.
8:44 of 3rd period - Cole Caufield is hit by Pavel Buchnevich and loses puck.
8:51 of 3rd period - Mark Giordano is hit by Ryan Johansen and loses puck.
10:15 of 3rd period - Penalty to Mattias Ekholm is over, Mattias Ekholm is back on ice.
10:48 of 3rd period - Cole Caufield is hit by Erik Gudbranson and loses puck.
11:54 of 3rd period - Slapshot by Reilly Smith.
11:54 of 3rd period - Stopped by Tristan Jarry with a rebound.
11:56 of 3rd period - Slapshot by Chris Tanev.
11:56 of 3rd period - Stopped by Tristan Jarry without a rebound.
11:57 of 3rd period - Pierre-Luc Dubois wins face-off versus Jean-Gabriel Pageau in New York Rangers zone.
12:07 of 3rd period - Slapshot by Chris Tanev.
12:07 of 3rd period - Deflect By Jean-Gabriel Pageau.
12:07 of 3rd period - Shot Misses the Net.
12:07 of 3rd period - Puck is out of play.
12:08 of 3rd period - David Kampf wins face-off versus Leon Draisaitl in New York Rangers zone.
12:17 of 3rd period - Snap shot by Cole Caufield.
12:17 of 3rd period - Shot Misses the Net.
12:33 of 3rd period - Ryan Suter is hit by Andre Burakovsky and loses puck.
12:54 of 3rd period - Jean-Gabriel Pageau is hit by Patrice Bergeron and loses puck.
13:24 of 3rd period - Wrist shot by T.J. Oshie.
13:24 of 3rd period - Stopped by Jonathan Quick with a rebound.
14:08 of 3rd period - Wrist shot by Patrice Bergeron.
14:08 of 3rd period - Stopped by Jonathan Quick without a rebound.
14:09 of 3rd period - Mikael Granlund wins face-off versus Ryan Johansen in Pittsburgh Penguins zone.
14:10 of 3rd period - Wrist shot by Blake Wheeler.
14:10 of 3rd period - Shot Misses the Net.
14:17 of 3rd period - Minor Penalty to Ryan Johansen for Interference.
14:18 of 3rd period - Patrice Bergeron wins face-off versus Leon Draisaitl in Pittsburgh Penguins zone.
14:24 of 3rd period - Wrist shot by Patrice Bergeron.
14:24 of 3rd period - Shot Misses the Net.
14:26 of 3rd period - Snap shot by Pierre-Luc Dubois.
14:26 of 3rd period - Shot Blocked by Anton Stralman.
14:28 of 3rd period - Slapshot by Cam Fowler.
14:28 of 3rd period - Shot Blocked by Leon Draisaitl.
14:49 of 3rd period - Off-side.
14:50 of 3rd period - Patrice Bergeron wins face-off versus Pavel Buchnevich in neutral zone.
16:17 of 3rd period - Penalty to Ryan Johansen is over, Ryan Johansen is back on ice.
16:42 of 3rd period - Tyler Motte is hit by Reilly Smith and loses puck.
16:59 of 3rd period - Backhand shot by Jean-Gabriel Pageau.
16:59 of 3rd period - Stopped by Tristan Jarry without a rebound.
17:00 of 3rd period - Patrice Bergeron wins face-off versus Jordan Eberle in New York Rangers zone.
17:25 of 3rd period - Pierre-Luc Dubois is hit by Pavel Buchnevich and loses puck.
18:12 of 3rd period - Slapshot by Mitch Marner.
18:12 of 3rd period - Deflect By Cam Fowler.
18:12 of 3rd period - Shot Misses the Net.
18:12 of 3rd period - Puck is out of play.
18:13 of 3rd period - Mikael Granlund wins face-off versus Leon Draisaitl in New York Rangers zone.
19:03 of 3rd period - Blake Wheeler is hit by Leon Draisaitl and loses puck.
19:10 of 3rd period - Slapshot by Mitch Marner.
19:10 of 3rd period - Stopped by Tristan Jarry without a rebound.
19:11 of 3rd period - Bill Peters call a timeout for New York Rangers.
19:11 of 3rd period - Leon Draisaitl wins face-off versus Mikael Granlund in New York Rangers zone.
19:18 of 3rd period - New York Rangers, Tristan Jarry is pulled from the net.
19:28 of 3rd period - Slapshot by Mikael Granlund.
19:28 of 3rd period - Shot Misses the Net.
19:30 of 3rd period - Snap shot by Mikael Granlund.
19:30 of 3rd period - Shot Blocked by Mattias Ekholm.
19:32 of 3rd period - Wrist shot by Cam Fowler.
19:32 of 3rd period - Stopped by Jonathan Quick with a rebound.
19:34 of 3rd period - Snap shot by Mikael Granlund.
19:34 of 3rd period - Shot Hit the Post.
19:36 of 3rd period - Wrist shot by Blake Wheeler.
19:36 of 3rd period - Shot Misses the Net.
19:40 of 3rd period - Wrist shot by Mikael Granlund.
19:40 of 3rd period - Shot Misses the Net.
19:52 of 3rd period - Wrist shot by Andre Burakovsky.
19:52 of 3rd period - Goal by Andre Burakovsky - New York Rangers : 3 - Pittsburgh Penguins : 3.
19:52 of 3rd period - Tristan Jarry from New York Rangers was sent back in the game.
19:53 of 3rd period - Jean-Gabriel Pageau wins face-off versus Cole Caufield in neutral zone.
Goals for this period are 1 for New York Rangers vs 0 for Pittsburgh Penguins.
Shots for this period are 8 for New York Rangers vs 9 for Pittsburgh Penguins.
Overtime #1
0:01 of 1st overtime period - Leon Draisaitl wins face-off versus Nathan MacKinnon in neutral zone.
0:04 of 1st overtime period - Nathan MacKinnon is hit by Mattias Ekholm and loses puck.
1:20 of 1st overtime period - Snap shot by Mikael Granlund.
1:20 of 1st overtime period - Shot Blocked by Anton Stralman.
1:22 of 1st overtime period - Wrist shot by Andre Burakovsky.
1:22 of 1st overtime period - Goal by Andre Burakovsky - New York Rangers : 4 - Pittsburgh Penguins : 3.
Goals for this period are 1 for New York Rangers vs 0 for Pittsburgh Penguins.
Shots for this period are 1 for New York Rangers vs 0 for Pittsburgh Penguins.
Back to the Top